[ AOE2 MATCH · #513839236 ]
UnrankedGeorgians vs Bengalis
Player's team · WIN
Rival team · LOSS
[ REPLAY ANALYSIS · EXTRACTED FROM THE RECORDED GAME ]
Feudal
8:46
Castle
21:25
Imperial
36:16
| APM avg | 83.8 |
| APM peak | 136 |
| eAPM avg | 39.2 |
| Villagers / military | 207 / 141 |
Focus
⚔️ 46.3% · 🌾 53.7%
Skirmisher ×99 · Monaspa ×20 · Trebuchet (Packed) ×12 · Mangonel ×5 · Monk ×3 · Archer ×1
Feudal
10:26
Castle
20:20
Imperial
35:30
| APM avg | 52.0 |
| APM peak | 87 |
| eAPM avg | 25.1 |
| Villagers / military | 166 / 94 |
Focus
⚔️ 32.7% · 🌾 67.3%
Elephant Archer ×48 · Archer ×30 · Trebuchet (Packed) ×6 · Militia ×4 · Mangonel ×3 · Monk ×1
Match map
Initial resources + every placement click. Lines = walls · curves = elevation contours. ◆ gold · ⬟ stone · ● berries · ✦ relic · ◌ wall gap
Your base· Open — opponent sealed themselves in
jakco's base· ✓ Closed at 20:20 · 42t walls · no gate
Smoothed initial terrain · ◌ = detected wall gap · hover for details
Inputs per minute
— VL Aveee - - jakco
Build order — VL Aveee
First 150 of 573 actions detected
| 0:01 | Queue | Villager (Male) |
| 0:02 | Queue | Villager (Male) |
| 0:02 | Build | House |
| 0:06 | Build | House |
| 0:07 | Queue | Villager (Male) |
| 0:10 | Queue | Villager (Male) |
| 1:25 | Queue | Villager (Male) |
| 1:26 | Queue | Villager (Male) |
| 1:26 | Queue | Villager (Male) |
| 2:01 | Queue | Villager (Male) |
| 2:01 | Queue | Villager (Male) |
| 2:01 | Queue | Villager (Male) |
| 2:16 | Queue | Villager (Male) |
| 2:16 | Queue | Villager (Male) |
| 2:48 | Queue | Villager (Male) |
| 3:02 | Queue | Villager (Male) |
| 3:03 | Queue | Villager (Male) |
| 3:03 | Queue | Villager (Male) |
| 3:34 | Queue | Villager (Male) |
| 3:34 | Queue | Villager (Male) |
| 3:34 | Queue | Villager (Male) |
| 3:47 | Queue | Villager (Male) |
| 3:47 | Queue | Villager (Male) |
| 3:47 | Queue | Villager (Male) |
| 3:51 | Queue | Villager (Male) |
| 3:52 | Queue | Villager (Male) |
| 3:58 | Build | House |
| 4:12 | Queue | Villager (Male) |
| 4:13 | Queue | Villager (Male) |
| 4:13 | Queue | Villager (Male) |
| 4:46 | Queue | Villager (Male) |
| 4:47 | Queue | Villager (Male) |
| 4:47 | Queue | Villager (Male) |
| 5:25 | Build | Mill |
| 6:05 | Research | Feudal Age |
| 6:06 | Research | Feudal Age |
| 6:06 | Research | Feudal Age |
| 6:11 | Research | Loom |
| 6:12 | Research | Loom |
| 6:12 | Research | Feudal Age |
| 7:07 | Build | Mule Cart |
| 7:55 | Queue | Villager (Male) |
| 8:36 | Build | Barracks |
| 8:46 | Age | Feudal Age |
| 8:50 | Research | Double-Bit Axe |
| 9:01 | Research | Horse Collar |
| 9:01 | Queue | Villager (Male) |
| 9:07 | Queue | Villager (Male) |
| 9:08 | Queue | Villager (Male) |
| 9:19 | Queue | Villager (Male) |
| 9:21 | Build | Farm |
| 9:31 | Build | House |
| 9:41 | Build | House |
| 9:41 | Research | Town Watch |
| 9:42 | Research | Town Watch |
| 9:43 | Queue | Villager (Male) |
| 9:45 | Build | House |
| 9:53 | Queue | Villager (Male) |
| 10:19 | Build | Archery Range |
| 10:39 | Build | Palisade Wall |
| 10:40 | Queue | Villager (Male) |
| 10:49 | Queue | Villager (Male) |
| 10:54 | Queue | Villager (Male) |
| 11:01 | Queue | Archer |
| 11:11 | Build | Palisade Wall |
| 11:15 | Build | Palisade Wall |
| 11:40 | Queue | Villager (Male) |
| 11:43 | Build | Palisade Wall |
| 12:05 | Build | House |
| 12:09 | Queue | Villager (Male) |
| 12:10 | Build | Farm |
| 12:12 | Build | Farm |
| 12:38 | Queue | Villager (Male) |
| 12:53 | Build | House |
| 12:55 | Build | Palisade Wall |
| 13:01 | Queue | Skirmisher |
| 13:01 | Queue | Skirmisher |
| 13:13 | Queue | Skirmisher |
| 13:15 | Build | Farm |
| 13:27 | Queue | Skirmisher |
| 13:31 | Queue | Villager (Male) |
| 13:31 | Queue | Villager (Male) |
| 13:42 | Build | Blacksmith |
| 13:46 | Build | Palisade Wall |
| 13:47 | Queue | Villager (Male) |
| 13:51 | Build | Farm |
| 13:52 | Build | Farm |
| 13:53 | Build | Farm |
| 13:54 | Build | Farm |
| 13:56 | Build | Farm |
| 14:00 | Queue | Villager (Male) |
| 14:05 | Build | Palisade Wall |
| 14:06 | Build | Palisade Wall |
| 14:09 | Queue | Skirmisher |
| 14:21 | Queue | Skirmisher |
| 14:21 | Queue | Skirmisher |
| 14:33 | Queue | Villager (Male) |
| 14:36 | Build | Farm |
| 14:56 | Queue | Villager (Male) |
| 15:03 | Research | Padded Archer Armor |
| 15:03 | Research | Padded Archer Armor |
| 15:03 | Research | Padded Archer Armor |
| 15:08 | Queue | Skirmisher |
| 15:08 | Queue | Skirmisher |
| 15:09 | Build | House |
| 15:15 | Queue | Villager (Male) |
| 15:24 | Queue | Villager (Male) |
| 15:33 | Build | Farm |
| 15:44 | Build | House |
| 15:46 | Queue | Villager (Male) |
| 15:47 | Build | Farm |
| 15:48 | Build | Farm |
| 16:12 | Queue | Villager (Male) |
| 16:22 | Queue | Villager (Male) |
| 16:25 | Build | Farm |
| 16:26 | Build | Farm |
| 16:33 | Build | House |
| 16:39 | Queue | Villager (Male) |
| 17:15 | Build | House |
| 17:17 | Build | House |
| 17:34 | Queue | Villager (Male) |
| 17:57 | Build | Farm |
| 18:03 | Queue | Skirmisher |
| 18:07 | Queue | Villager (Male) |
| 18:09 | Queue | Villager (Male) |
| 18:15 | Build | House |
| 18:23 | Build | House |
| 18:45 | Research | Castle Age |
| 18:45 | Research | Castle Age |
| 18:45 | Research | Castle Age |
| 18:57 | Queue | Skirmisher |
| 18:58 | Queue | Skirmisher |
| 18:58 | Queue | Skirmisher |
| 19:08 | Queue | Skirmisher |
| 19:21 | Queue | Skirmisher |
| 19:28 | Build | House |
| 19:48 | Research | Gold Mining |
| 19:54 | Queue | Villager (Male) |
| 20:13 | Research | Fletching |
| 20:13 | Research | Fletching |
| 20:26 | Queue | Villager (Male) |
| 20:45 | Queue | Skirmisher |
| 20:46 | Queue | Skirmisher |
| 21:25 | Age | Castle Age |
| 21:26 | Build | House |
| 21:28 | Research | Elite Skirmisher (upgrade) |
| 21:28 | Research | Elite Skirmisher (upgrade) |
| 21:33 | Queue | Villager (Male) |
| 21:35 | Queue | Villager (Male) |
| 21:40 | Queue | Villager (Male) |
Build order — jakco
First 150 of 412 actions detected
| 0:00 | Queue | Villager (Male) |
| 0:01 | Build | House |
| 0:02 | Build | House |
| 0:07 | Queue | Villager (Male) |
| 0:10 | Queue | Villager (Male) |
| 0:16 | Queue | Villager (Male) |
| 0:16 | Queue | Villager (Male) |
| 1:23 | Queue | Villager (Male) |
| 1:39 | Queue | Villager (Male) |
| 1:54 | Build | Lumber Camp |
| 2:17 | Queue | Villager (Male) |
| 2:17 | Queue | Villager (Male) |
| 2:46 | Queue | Villager (Male) |
| 2:46 | Queue | Villager (Male) |
| 3:10 | Queue | Villager (Male) |
| 3:41 | Queue | Villager (Male) |
| 3:41 | Queue | Villager (Male) |
| 3:48 | Build | House |
| 4:01 | Queue | Villager (Male) |
| 4:01 | Queue | Villager (Male) |
| 4:29 | Build | Barracks |
| 4:34 | Queue | Villager (Male) |
| 4:43 | Queue | Villager (Male) |
| 4:43 | Queue | Villager (Male) |
| 4:48 | Queue | Villager (Male) |
| 4:58 | Build | House |
| 5:01 | Queue | Villager (Male) |
| 5:22 | Queue | Militia |
| 5:30 | Queue | Militia |
| 5:47 | Queue | Villager (Male) |
| 5:50 | Build | House |
| 5:57 | Queue | Villager (Male) |
| 6:20 | Build | Mill |
| 6:30 | Queue | Villager (Male) |
| 7:02 | Queue | Villager (Male) |
| 7:22 | Build | Mining Camp |
| 7:24 | Research | Loom |
| 7:41 | Queue | Villager (Male) |
| 8:16 | Research | Feudal Age |
| 8:16 | Research | Feudal Age |
| 8:41 | Queue | Militia |
| 8:57 | Build | Farm |
| 8:59 | Build | Farm |
| 9:13 | Queue | Militia |
| 9:36 | Build | Mill |
| 10:01 | Queue | Villager (Male) |
| 10:13 | Queue | Villager (Male) |
| 10:26 | Age | Feudal Age |
| 10:29 | Research | Man-at-Arms (upgrade) |
| 10:36 | Build | Archery Range |
| 10:47 | Build | House |
| 11:11 | Queue | Villager (Male) |
| 11:23 | Queue | Villager (Male) |
| 11:36 | Queue | Archer |
| 11:45 | Build | Farm |
| 11:46 | Build | Farm |
| 11:48 | Build | Farm |
| 11:51 | Queue | Spearman |
| 11:55 | Queue | Archer |
| 11:57 | Queue | Villager (Male) |
| 12:09 | Queue | Villager (Male) |
| 12:16 | Build | House |
| 12:35 | Queue | Villager (Male) |
| 12:37 | Build | Blacksmith |
| 12:53 | Queue | Villager (Male) |
| 13:00 | Queue | Archer |
| 13:08 | Queue | Villager (Male) |
| 13:11 | Queue | Villager (Male) |
| 13:15 | Build | Farm |
| 13:33 | Build | House |
| 13:34 | Queue | Villager (Male) |
| 13:37 | Research | Town Watch |
| 13:46 | Research | Fletching |
| 13:53 | Queue | Villager (Male) |
| 13:54 | Build | Farm |
| 13:59 | Build | House |
| 14:07 | Queue | Archer |
| 14:08 | Queue | Villager (Male) |
| 14:19 | Queue | Villager (Male) |
| 14:21 | Build | Farm |
| 14:24 | Build | House |
| 14:26 | Build | House |
| 14:28 | Build | Palisade Wall |
| 14:29 | Build | Palisade Wall |
| 14:30 | Build | Palisade Wall |
| 14:36 | Build | Palisade Wall |
| 14:42 | Queue | Archer |
| 14:48 | Research | Double-Bit Axe |
| 14:54 | Queue | Villager (Male) |
| 14:59 | Queue | Villager (Male) |
| 15:08 | Queue | Archer |
| 15:14 | Queue | Villager (Male) |
| 15:25 | Queue | Villager (Male) |
| 15:28 | Queue | Villager (Male) |
| 15:38 | Queue | Villager (Male) |
| 15:40 | Queue | Archer |
| 15:45 | Build | House |
| 15:47 | Build | Palisade Wall |
| 16:09 | Queue | Archer |
| 16:21 | Queue | Archer |
| 16:24 | Queue | Villager (Male) |
| 16:26 | Build | Farm |
| 16:28 | Build | Farm |
| 16:40 | Build | House |
| 16:43 | Build | Palisade Wall |
| 16:51 | Queue | Villager (Male) |
| 16:56 | Queue | Villager (Male) |
| 17:12 | Build | Palisade Wall |
| 17:14 | Queue | Villager (Male) |
| 17:17 | Build | Palisade Wall |
| 17:20 | Build | Palisade Wall |
| 17:22 | Build | Farm |
| 17:27 | Queue | Villager (Male) |
| 17:31 | Queue | Archer |
| 17:40 | Research | Castle Age |
| 17:40 | Research | Castle Age |
| 17:55 | Build | Archery Range |
| 18:17 | Queue | Archer |
| 18:24 | Research | Gold Mining |
| 18:28 | Build | Farm |
| 18:29 | Build | Farm |
| 18:34 | Queue | Villager (Male) |
| 18:37 | Queue | Villager (Male) |
| 18:39 | Queue | Archer |
| 18:39 | Queue | Archer |
| 18:45 | Build | Farm |
| 18:56 | Build | Lumber Camp |
| 19:05 | Queue | Archer |
| 19:12 | Queue | Archer |
| 19:24 | Queue | Villager (Male) |
| 19:34 | Queue | Archer |
| 19:51 | Queue | Archer |
| 20:20 | Age | Castle Age |
| 20:22 | Research | Crossbowman (upgrade) |
| 20:27 | Build | Palisade Wall |
| 20:41 | Build | Siege Workshop |
| 20:44 | Research | Bodkin Arrow |
| 20:49 | Queue | Villager (Male) |
| 20:59 | Build | Siege Workshop |
| 21:02 | Queue | Villager (Male) |
| 21:06 | Queue | Archer |
| 21:06 | Queue | Archer |
| 21:07 | Queue | Villager (Male) |
| 21:22 | Queue | Villager (Male) |
| 21:26 | Queue | Archer |
| 21:33 | Build | Town Center |
| 21:39 | Build | Town Center |
| 21:50 | Queue | Villager (Male) |
| 21:58 | Queue | Armored Elephant |
| 22:01 | Queue | Mangonel |
Match timeline
| 4:29 | jakco · first_building Barracks |
| 8:36 | VL Aveee · first_building Barracks |
| 8:46 | VL Aveee · age_up feudal |
| 10:19 | VL Aveee · first_building Archery Range |
| 10:26 | jakco · age_up feudal |
| 10:36 | jakco · first_building Archery Range |
| 10:39 | VL Aveee · wall_segment Palisade Wall x7 |
| 11:11 | VL Aveee · wall_segment Palisade Wall x1 |
| 11:15 | VL Aveee · wall_segment Palisade Wall x1 |
| 11:43 | VL Aveee · wall_segment Palisade Wall x7 |
| 12:55 | VL Aveee · wall_segment Palisade Wall x3 |
| 13:46 | VL Aveee · wall_segment Palisade Wall x4 |
| 14:05 | VL Aveee · wall_segment Palisade Wall x10 |
| 14:06 | VL Aveee · wall_segment Palisade Wall x11 |
| 14:28 | jakco · wall_segment Palisade Wall x1 |
| 14:29 | jakco · wall_segment Palisade Wall x1 |
| 14:30 | jakco · wall_segment Palisade Wall x7 |
| 14:36 | jakco · wall_segment Palisade Wall x4 |
| 15:47 | jakco · wall_segment Palisade Wall x4 |
| 16:43 | jakco · wall_segment Palisade Wall x10 |
| 17:12 | jakco · wall_segment Palisade Wall x1 |
| 17:17 | jakco · wall_segment Palisade Wall x3 |
| 17:20 | jakco · wall_segment Palisade Wall x11 |
| 20:20 | jakco · age_up castle |
| 20:27 | jakco · wall_segment Palisade Wall x1 |
| 20:41 | jakco · first_building Siege Workshop |
| 21:25 | VL Aveee · age_up castle |
| 21:45 | VL Aveee · first_building Monastery |
| 23:29 | VL Aveee · first_building Siege Workshop |
| 24:03 | jakco · first_building Monastery |
| 28:12 | jakco · wall_segment Palisade Wall x1 |
| 28:16 | jakco · wall_segment Palisade Wall x1 |
| 30:31 | jakco · first_building Castle |
| 31:15 | VL Aveee · first_building Castle |
| 31:50 | VL Aveee · first_market_buy 100 wood |
| 34:08 | jakco · first_building Stable |
| 35:30 | jakco · age_up imperial |
| 36:05 | VL Aveee · first_building Stable |
| 36:16 | VL Aveee · age_up imperial |
| 36:27 | jakco · first_market_sell 100 food |
| 42:16 | jakco · resign |
[ AI ANALYSIS · 1 CREDIT ]
What really happened in this match?
Wolo.gg analyzes every decision: build order, eco, micro, common mistakes by bracket. Personalized analysis on WhatsApp or Discord in 30 seconds.
Civ guide
Georgians
Perfil
VL Aveee